 Dungeon Crawl Stone Soup version 0.32-a0-871-ge202e49faa (webtiles) character file.

Game seed: 5691169919941511223

919 Griffin23 the Slasher (level 7, 0/63 HPs)
             Began as a Minotaur Fighter on Mar 29, 2024.
             Succumbed to a water moccasin's poison
             ... on level 5 of the Dungeon.
             The game lasted 00:04:39 (3275 turns).

Griffin23 the Slasher (Minotaur Fighter)            Turns: 3275, Time: 00:04:40

Health: 0/63       AC:  8    Str: 27    XL:     7   Next: 83%
Magic:  6/6        EV:  8    Int:  4    God:
Gold:   306        SH:  4    Dex:  8    Spells: 6/6 levels left

rFire   . . .        a - +0 long sword
rCold   . . .        c - +0 buckler
rNeg    . . .        b - +1 scale mail
rPois   .            (helmet unavailable)
rElec   .            (no cloak)
rCorr   .            (no gloves)
SInv    .            (no boots)
Will    .....        (no amulet) Stlth
                     (no ring)
HPRegen 0.30/turn    (no ring)
MPRegen 0.10/turn

%: no passive effects
@: lethally poisoned (0 -> -5), attractive, hasted, invisible, very quick
A: horns 3, retaliatory headbutt, strong 1
a: no special abilities


You were on level 5 of the Dungeon.
You visited 1 branch of the dungeon, and saw 5 of its levels.

You collected 306 gold pieces.

Inventory:

Hand Weapons
 a - a +0 long sword (weapon)
Missiles
 i - 6 boomerangs (quivered)
Armour
 b - a +1 scale mail (worn)
 c - a +0 buckler (worn)
 k - a +0 hat
Jewellery
 d - a ring of magical power
 h - a +6 ring of dexterity
 n - a +6 ring of dexterity
Scrolls
 e - 3 scrolls of vulnerability {unknown}
 f - 3 scrolls of teleportation {unknown}
 l - 3 scrolls of identify {unknown}
 m - a scroll of butterflies {unknown}
 o - 2 scrolls of revelation {unknown}
 p - 2 scrolls of fear {unknown}
 q - 2 scrolls of blinking {unknown}
 r - a scroll of immolation {unknown}
 s - a scroll of amnesia {unknown}
 v - a scroll of enchant armour
 w - 2 scrolls of noise {unknown}
 x - a scroll of enchant weapon {unknown}


   Skills:
 + Level 6.0 Fighting
 * Level 7.1 Long Blades
 + Level 6.0 Armour
 + Level 6.0 Shields


You had 6 spell levels left.
You didn't know any spells.
Your spell library contained the following spells:

 Spells                   Type           Power      Damage    Failure   Level
 Jinxbite                 Hex            0%         N/A       91%         2
 Inner Flame              Hex/Fire       0%         N/A       99%         3
 Irradiate                Conj/Alch      0%         3d11      100%        5
 Yara's Violent Unravell  Hex/Alch       0%         3d3       100%        5
 Enfeeble                 Hex            0%         N/A       100%        7
 Ignition                 Fire           0%         3d3       100%        8


Dungeon Overview and Level Annotations

Branches:
Dungeon (5/15)
 Temple: D:4-7

Altars:
Fedhas
Okawaru
Qazlal


Innate Abilities, Weirdness & Mutations

You have a pair of large horns on your head.
You reflexively headbutt those who attack you in melee.
Your muscles are strong. (Str +4, Int/Dex -1)


Message History

The water moccasin is heavily wounded.
You feel sick. The water moccasin bites you!
* * * LOW HITPOINT WARNING * * *
You block the water moccasin's attack.
You miss the water moccasin.
The water moccasin is heavily wounded.
You feel sick.
The water moccasin bites you but does no damage.
You closely miss the water moccasin. You headbutt the water moccasin!
The water moccasin is almost dead.
You feel sick. The water moccasin bites you.
* * * LOW HITPOINT WARNING * * *
You are lethally poisoned!
The water moccasin poisons you!
The water moccasin bites you but does no damage.
It was a potion of invisibility.
You fade into invisibility!
* * * LOW HITPOINT WARNING * * *
You feel very sick. The water moccasin barely misses you.
It was a potion of attraction.
You feel attractive to monsters.
* * * LOW HITPOINT WARNING * * *
You feel sick.
The water moccasin completely misses you.
It was a potion of haste.
You feel yourself speed up.
* * * LOW HITPOINT WARNING * * *
You feel sick.
The water moccasin barely misses you. x2
It was a potion of mutation.
You feel extremely strange. The horns on your head grow some more.
Your +0 hat falls away!
You feel stronger.
* * * LOW HITPOINT WARNING * * *
You feel sick. The water moccasin closely misses you.
You aren't carrying any potions.
Sorry, you're not good enough to have a special ability.
As you read the scroll labelled PATIOP BEPNOANN, it crumbles to dust.
It is a scroll of enchant armour.
Your +0 scale mail glows green for a moment.
You die...

#.#...# .#.#..
..... ##...#
##....#
#.....# ####.
#.....#......
#+#@S.#
#...#.#
#.####.#.#.##
#....<........
####.#####.###
#. .# #. # ##


You could see a water moccasin (unable to see you).

Vanquished Creatures
  Grinder (D:3)
  Sigmund (D:3)
  2 scorpions (D:4)
  A jelly (D:4)
  A bombardier beetle (D:4)
  4 orc priests
  An iguana (D:4)
  Natasha (thrice) (D:3)
  7 gnolls
  2 adders (D:4)
  3 ribbon worms
  2 dart slugs
  6 orcs
  6 ball pythons
  3 bats
  2 endoplasms (D:3)
  3 giant cockroaches
  4 goblins
  10 hobgoblins
  6 jackals
  8 kobolds
  4 quokkas
  2 frilled lizards (D:1)
  13 rats
95 creatures vanquished.

Notes
Turn   | Place    | Note
-------+----------+-------------------------------------------
     0 | D:1      | Griffin23 the Minotaur Fighter began the quest for the Orb.
     0 | D:1      | Reached XP level 1. HP: 19/19 MP: 0/0
   205 | D:1      | Reached XP level 2. HP: 24/27 MP: 1/1
   431 | D:1      | Reached skill level 3 in Long Blades
   537 | D:1      | Reached XP level 3. HP: 33/33 MP: 2/2
  1362 | D:3      | Found a stormy altar of Qazlal.
  1363 | D:3      | Found a blossoming altar of Fedhas.
  1372 | D:3      | Reached XP level 4. HP: 37/40 MP: 3/3
  1427 | D:3      | Noticed Sigmund
  1432 | D:3      | Killed Sigmund
  1433 | D:3      | Reached skill level 5 in Long Blades
  1433 | D:3      | Reached XP level 5. HP: 47/47 MP: 4/4
  1477 | D:3      | Noticed Grinder
  1478 | D:3      | Paralysed by Grinder for 3 turns
  1485 | D:3      | Killed Grinder
  1486 | D:3      | Reached skill level 5 in Fighting
  1486 | D:3      | Reached skill level 5 in Armour
  1486 | D:3      | Reached skill level 5 in Shields
  1486 | D:3      | Reached XP level 6. HP: 53/56 MP: 5/5
  1722 | D:3      | Found an iron altar of Okawaru.
  1859 | D:3      | Noticed Natasha
  1866 | D:3      | Killed Natasha
  1901 | D:3      | Noticed Natasha
  1909 | D:3      | Killed Natasha
  2115 | D:3      | Noticed Natasha
  2119 | D:3      | Killed Natasha
  2120 | D:3      | Reached skill level 6 in Long Blades
  2120 | D:3      | Reached XP level 7. HP: 49/61 MP: 6/6
  2333 | D:4      | HP: 3/61 [gnoll/+0 club (7)]
  2932 | D:4      | Reached skill level 7 in Long Blades
  3255 | D:5      | Entered Level 5 of the Dungeon
  3272 | D:5      | HP: 3/63 [poisoned by a water moccasin]
  3273 | D:5      | HP: 1/63 [poisoned by a water moccasin]
  3274 | D:5      | Gained mutation: You have a pair of large horns on your
                  | head. [potion of mutation]
  3274 | D:5      | Gained mutation: Your muscles are strong. (Str +4, Int/Dex
                  | -1) [potion of mutation]
  3275 | D:5      | Succumbed to a water moccasin's poison

Illustrated notes

Levels and vault maps discovered:
D:1:      co_arrival_square_in_a_square_in_a_square, layout_rooms,
          serial_curves, eino_curves_03, eino_curves_02,
          minmay_misc_feat_encased, minmay_rat_gold_closets
D:2:      layout_basic
D:3:      layout_loops_ring, grunt_temple_overflow_forces_of_nature,
          mainiacjoe_overflow_cross_hatched, nicolae_hexahallways, uniq_grinder,
          uniq_natasha, uniq_sigmund
D:4:      layout_rooms
D:5:      layout_basic, minmay_temple_entry_waves

Skill      XL: |  1  2  3  4  5  6  7 |
---------------+----------------------+-----
Long Blades    | 3 5 6 7 |  7.1
Fighting       | 4 5 6 |  6.0
Armour         | 4 5 6 |  6.0
Shields        | 4 5 6 |  6.0

Action                     |  1- 3 |  4- 6 |  7- 9 || total
---------------------------+-------+-------+-------++-------
  Melee: Long sword        |    84 |    48 |   128 ||   260
         Headbutt          |     9 |     7 |    24 ||    40
    Use: Potion            |       |     1 |     6 ||     7
         Scroll            |       |       |     1 ||     1
 Armour: Scale mail        |    58 |    26 |   163 ||   247
  Dodge: Dodged            |    42 |    18 |    77 ||   137
  Block: Buckler           |    16 |    10 |    47 ||    73

Table legend: (Time is in decaauts)
 A = Elapsed time spent in this place.
 B = Non-inter-level travel time spent in this place.
 C = Inter-level travel time spent in this place.
 D = Time resting spent in this place.
 E = Time spent auto-exploring this place.
 F = Levels seen in this place.
 G = Mean time per level.
                   A        B        C        D        E       F      G
               +--------+--------+--------+--------+--------+-----+--------+
         Total |   3322 |   3198 |    124 |    432 |   2113 |   5 |  664.4 |
       Dungeon |   3322 |   3198 |    124 |    432 |   2113 |   5 |  664.4 |
               +--------+--------+--------+--------+--------+-----+--------+

Top non-repeatable levels by time:
     D:3: 1418 daAuts
     D:4: 706 daAuts
     D:1: 654 daAuts
     D:2: 522 daAuts
     D:5: 20 daAuts
